MLB
MINNESOTA TWINS @ TEXAS RANGERS
08/03/2099
 
TOP OF THE 1ST
Minnesota Twins batting - Pitching for Texas Rangers : RHP Bernie Gallegos
Pitching: RHP Bernie Gallegos
Batting: SHB William Maki 0-0: Ball
1-0: Called Strike
1-1: Ground out 4-3 (Groundball, 4, EV 90.6 MPH)
Batting: SHB Jim Whitlock 0-0: Ball
1-0: DOUBLE (Flyball, 78D, EV 108.1 MPH)
Batting: RHB Bill Widby 0-0: Foul Ball, location: 9LSF
0-1: Ball
1-1: Ball
2-1: Called Strike
2-2: Ground out 4-3 (Groundball, 4M, EV 109.4 MPH)
Jim Whitlock to third
Batting: LHB Emilio Gonzales 0-0: Fly out, F8 (Flyball, 8RD, EV 103.1 MPH)
Top of the 1st over - 0 runs, 1 hit, 0 errors, 1 left on base; Minnesota 0 - Texas 0
BOTTOM OF THE 1ST
Texas Rangers batting - Pitching for Minnesota Twins : RHP Jeff Olguin
Pitching: RHP Jeff Olguin
Batting: RHB Jason Hartel 0-0: Called Strike
0-1: Foul Ball, location: 2F
0-2: Ball
1-2: Strikes out swinging
Batting: SHB Luis Chavez 0-0: Ball
1-0: Called Strike
1-1: Ball
2-1: Foul Ball, location: 9LMF
2-2: Reached on error, E6 (Groundball, 6, EV 88.1 MPH)
Batting: RHB Chris Patrick 0-0: Ball
1-0: Called Strike
1-1: Ball
2-1: Called Strike
Luis Chavez steals 2nd base (no throw)
2-2: Fly out, F3 (Popup, 3SF, EV 68.8 MPH)
Batting: LHB Tyler Petry 0-0: Ball
1-0: Ball
2-0: Called Strike
2-1: Swinging Strike
2-2: Fly out, F6 (Popup, 6, EV 68.1 MPH)
Bottom of the 1st over - 0 runs, 0 hits, 1 error, 1 left on base; Minnesota 0 - Texas 0
TOP OF THE 2ND
Minnesota Twins batting - Pitching for Texas Rangers : RHP Bernie Gallegos
Batting: RHB Joe Looby 0-0: Ground out U3 (Groundball, 13, EV 91.9 MPH)
Batting: RHB Greg Schuler 0-0: Called Strike
0-1: Ball
1-1: Swinging Strike
1-2: Foul Ball, location: 3FF
1-2: Foul Ball, location: 7LSFF
1-2: Strikes out swinging
Batting: LHB Dan Barker 0-0: Ball
1-0: Ball
2-0: Foul Ball, location: 2F
2-1: SINGLE (Flyball, 8LS, EV 91.9 MPH)
Batting: SHB Nick White 0-0: Fly out, F8 (Line Drive, 89M, EV 99.4 MPH)
Top of the 2nd over - 0 runs, 1 hit, 0 errors, 1 left on base; Minnesota 0 - Texas 0
BOTTOM OF THE 2ND
Texas Rangers batting - Pitching for Minnesota Twins : RHP Jeff Olguin
Batting: RHB Kevin Hock 0-0: SOLO HOME RUN (Flyball, 7D, EV 97.5 MPH), Distance : 373 ft
Batting: RHB Todd Peters 0-0: DOUBLE (Line Drive, 7LM, EV 108.1 MPH)
Batting: LHB Nick Gunnels 0-0: Ball
1-0: Called Strike
1-1: Called Strike
1-2: DOUBLE (Flyball, 89XD, EV 101.9 MPH)
Todd Peters scores
Batting: RHB Raul Camacho 0-0: Foul Ball, location: 23F
0-1: Fly out, F7 (Flyball, 78S, EV 75.0 MPH)
Batting: LHB Scott Spencer 0-0: Ball
1-0: Ball
2-0: Fly out, F6 (Line Drive, 6MD, EV 70.0 MPH)
Batting: RHB Jason Hartel 0-0: Foul Ball, location: 2F
0-1: Foul Ball, location: 9LDF
0-2: Strikes out swinging
Bottom of the 2nd over - 2 runs, 3 hits, 0 errors, 1 left on base; Minnesota 0 - Texas 2
TOP OF THE 3RD
Minnesota Twins batting - Pitching for Texas Rangers : RHP Bernie Gallegos
Batting: LHB Chris Armstrong 0-0: Called Strike
0-1: Ball
1-1: Ground out 6-3 (Groundball, 6MD, EV 95.6 MPH)
Batting: SHB William Maki 0-0: Ball
1-0: Ball
2-0: Ball
3-0: Called Strike
3-1: Swinging Strike
3-2: Strikes out swinging, 2-3 out at first.
Batting: SHB Jim Whitlock 0-0: Called Strike
0-1: Fly out, F9 (Flyball, 9D, EV 91.9 MPH)
Top of the 3rd over - 0 runs, 0 hits, 0 errors, 0 left on base; Minnesota 0 - Texas 2
BOTTOM OF THE 3RD
Texas Rangers batting - Pitching for Minnesota Twins : RHP Jeff Olguin
Batting: SHB Luis Chavez 0-0: Ball
1-0: Swinging Strike
1-1: Fly out, F6 (Flyball, 56D, EV 94.4 MPH)
Batting: RHB Chris Patrick 0-0: Ball
1-0: Foul Ball, location: 7LSF
1-1: Ball
2-1: Ground out 6-3 (Groundball, 6, EV 85.6 MPH)
Batting: LHB Tyler Petry 0-0: Ball
1-0: Called Strike
1-1: Fly out, F9 (Line Drive, 9S, EV 91.9 MPH)
Bottom of the 3rd over - 0 runs, 0 hits, 0 errors, 0 left on base; Minnesota 0 - Texas 2
TOP OF THE 4TH
Minnesota Twins batting - Pitching for Texas Rangers : RHP Bernie Gallegos
Batting: RHB Bill Widby 0-0: Called Strike
0-1: Ball
1-1: SINGLE (Flyball, 8LS, EV 91.9 MPH)
Batting: LHB Emilio Gonzales 0-0: Called Strike
0-1: Ball
1-1: Ball
Wild Pitch!
Bill Widby to second
2-1: Called Strike
2-2: Fly out, F7 (Line Drive, 7D, EV 88.8 MPH)
Runner from 2nd tags up, SAFE at 3rd, no throw by LF
Batting: RHB Joe Looby 0-0: Swinging Strike
0-1: Ball
1-1: Foul Ball, location: 7LDF
1-2: Ball
2-2: Foul Ball, location: 9LSF
2-2: Ball
3-2: Base on Balls
Batting: RHB Greg Schuler 0-0: Ball
Joe Looby steals 2nd base
1-0: Swinging Strike
1-1: SINGLE (Line Drive, 56D, EV 97.5 MPH)
Bill Widby scores
Joe Looby to third
Runner from 3rd tries for Home, SAFE, throw by LF to home
Batting: LHB Dan Barker 0-0: Ball
1-0: TRIPLE (Line Drive, 89XD, EV 105.0 MPH)
Greg Schuler scores
Batting: SHB Nick White 0-0: Swinging Strike
0-1: Foul Ball, location: 2F
0-2: Ball
1-2: Strikes out swinging
Batting: LHB Chris Armstrong 0-0: Called Strike
0-1: Swinging Strike
0-2: Strikes out swinging
Top of the 4th over - 3 runs, 3 hits, 0 errors, 1 left on base; Minnesota 3 - Texas 2
BOTTOM OF THE 4TH
Texas Rangers batting - Pitching for Minnesota Twins : RHP Jeff Olguin
Batting: RHB Kevin Hock 0-0: Ball
1-0: Called Strike
1-1: Called Strike
1-2: Ball
2-2: Foul Ball, location: 3DF
2-2: Strikes out swinging
Batting: RHB Todd Peters 0-0: Ball
1-0: Called Strike
1-1: Ball
2-1: Ball
3-1: Foul Ball, location: 2RF
3-2: Base on Balls
Batting: LHB Nick Gunnels 0-0: Ball
1-0: Called Strike
1-1: Foul Ball, location: 9LDF
1-2: Ball
2-2: Strikes out swinging
Batting: RHB Raul Camacho 0-0: Fielders Choice at 2nd, U6 (Groundball, 6M, EV 80.6 MPH)
Bottom of the 4th over - 0 runs, 0 hits, 0 errors, 1 left on base; Minnesota 3 - Texas 2
TOP OF THE 5TH
Minnesota Twins batting - Pitching for Texas Rangers : RHP Bernie Gallegos
Batting: SHB William Maki 0-0: SOLO HOME RUN (Flyball, 9D, EV 93.1 MPH), Distance : 356 ft
Batting: SHB Jim Whitlock 0-0: Called Strike
0-1: Ball
1-1: Ball
2-1: Foul Ball, location: 5F
2-2: Strikes out looking
Batting: RHB Bill Widby 0-0: Called Strike
0-1: Ball
1-1: Called Strike
1-2: Foul Ball, location: 5DF
1-2: Fly out, F9 (Flyball, 9LS, EV 93.1 MPH)
Batting: LHB Emilio Gonzales 0-0: Called Strike
0-1: Ball
1-1: Swinging Strike
1-2: Strikes out swinging
Top of the 5th over - 1 run, 1 hit, 0 errors, 0 left on base; Minnesota 4 - Texas 2
BOTTOM OF THE 5TH
Texas Rangers batting - Pitching for Minnesota Twins : RHP Jeff Olguin
Batting: LHB Scott Spencer 0-0: Ground out 6-3 (Groundball, 6, EV 87.5 MPH)
Batting: RHB Jason Hartel 0-0: Called Strike
0-1: Foul Ball, location: 2F
0-2: Ball
1-2: Ball
2-2: Foul Ball, location: 2F
2-2: Foul Ball, location: 2F
2-2: Foul Ball, location: 2F
2-2: Ground out 4-3 (Groundball, 4S, EV 67.5 MPH)
Batting: SHB Luis Chavez 0-0: Called Strike
0-1: Swinging Strike
0-2: Foul Ball, location: 2F
0-2: Ball
1-2: Ball
2-2: Foul Ball, location: 23FF
2-2: Foul Ball, location: 3FF
2-2: Foul Ball, location: 5F
2-2: Strikes out swinging
Bottom of the 5th over - 0 runs, 0 hits, 0 errors, 0 left on base; Minnesota 4 - Texas 2
TOP OF THE 6TH
Minnesota Twins batting - Pitching for Texas Rangers : RHP Bernie Gallegos
Batting: RHB Joe Looby 0-0: Ball
1-0: Called Strike
1-1: SINGLE (Line Drive, 89S, EV 92.5 MPH)
Batting: RHB Greg Schuler 0-0: Foul Ball, location: 9LMF
0-1: Foul Ball, location: 3FF
0-2: Ball
1-2: Grounds into double play, 4-6-3 (Groundball, 4, EV 105.0 MPH)
Batting: LHB Dan Barker 0-0: Ball
1-0: Foul Ball, location: 2LF
1-1: Ball
2-1: Ball
3-1: Ground out 4-3 (Groundball, 4D, EV 98.8 MPH)
Top of the 6th over - 0 runs, 1 hit, 0 errors, 0 left on base; Minnesota 4 - Texas 2
BOTTOM OF THE 6TH
Texas Rangers batting - Pitching for Minnesota Twins : RHP Jeff Olguin
Batting: RHB Chris Patrick 0-0: Ground out 6-3 (Groundball, 6, EV 89.4 MPH)
Batting: LHB Tyler Petry 0-0: Fly out, F7 (Flyball, 7, EV 104.4 MPH)
Batting: RHB Kevin Hock 0-0: Ball
1-0: Called Strike
1-1: Swinging Strike
1-2: Ball
2-2: Strikes out swinging
Bottom of the 6th over - 0 runs, 0 hits, 0 errors, 0 left on base; Minnesota 4 - Texas 2
TOP OF THE 7TH
Minnesota Twins batting - Pitching for Texas Rangers : RHP Bernie Gallegos
Batting: SHB Nick White 0-0: Ball
1-0: Ball
2-0: Ball
3-0: Called Strike
3-1: Ground out 6-3 (Groundball, 6, EV 90.0 MPH)
Batting: LHB Chris Armstrong 0-0: Fly out, F8 (Flyball, 89M, EV 90.6 MPH)
Batting: SHB William Maki 0-0: Foul Ball, location: 2F
0-1: Fly out, F8 (Flyball, 8LS, EV 91.3 MPH)
Top of the 7th over - 0 runs, 0 hits, 0 errors, 0 left on base; Minnesota 4 - Texas 2
BOTTOM OF THE 7TH
Texas Rangers batting - Pitching for Minnesota Twins : RHP Jeff Olguin
Batting: RHB Todd Peters 0-0: Ball
1-0: Foul Ball, location: 23F
1-1: Foul Ball, location: 2F
1-2: SINGLE (Line Drive, 9S, EV 93.8 MPH)
Batting: LHB Nick Gunnels 0-0: Ball
1-0: Ball
2-0: Fly out, F7 (Flyball, 7LM, EV 98.1 MPH)
Batting: RHB Raul Camacho 0-0: Foul Ball, location: 9LDF
0-1: Swinging Strike
Todd Peters steals 2nd base
0-2: Ball
1-2: Ball
2-2: Fly out, F9 (Line Drive, 9S, EV 101.9 MPH)
Pitching: RHP Jaden Moore
Batting: LHB Scott Spencer 0-0: Called Strike
0-1: Ball
1-1: Foul Ball, location: 3F
1-2: Foul Ball, location: 7LDF
1-2: Ball
2-2: Ball
3-2: Base on Balls
Batting: RHB Jason Hartel 0-0: Ball
1-0: Swinging Strike
1-1: Swinging Strike
1-2: Ball
2-2: Strikes out swinging
Bottom of the 7th over - 0 runs, 1 hit, 0 errors, 2 left on base; Minnesota 4 - Texas 2
TOP OF THE 8TH
Minnesota Twins batting - Pitching for Texas Rangers : RHP Bernie Gallegos
Pitching: RHP Victor Luna
Batting: SHB Jim Whitlock 0-0: Swinging Strike
0-1: Ball
1-1: Fly out, F8 (Line Drive, 8RM, EV 95.6 MPH)
Batting: RHB Bill Widby 0-0: Ball
1-0: Swinging Strike
1-1: Swinging Strike
1-2: Foul Ball, location: 2F
1-2: Strikes out swinging
Batting: LHB Emilio Gonzales 0-0: Called Strike
0-1: Foul Ball, location: 25F
0-2: Foul Ball, location: 2F
0-2: Strikes out swinging
Top of the 8th over - 0 runs, 0 hits, 0 errors, 0 left on base; Minnesota 4 - Texas 2
BOTTOM OF THE 8TH
Texas Rangers batting - Pitching for Minnesota Twins : RHP Jaden Moore
Batting: SHB Luis Chavez 0-0: Swinging Strike
0-1: Called Strike
0-2: Ball
1-2: Ball
2-2: Ball
3-2: Foul Ball, location: 2F
3-2: Fly out, F6 (Line Drive, 6, EV 64.4 MPH)
Batting: RHB Chris Patrick 0-0: Ball
1-0: Ball
2-0: Foul Ball, location: 9LDF
2-1: SINGLE (Line Drive, 78S, EV 96.9 MPH)
Pitching: LHP Jeff Downing
Pinch Hitting: RHB Travis Huffman 0-0: Called Strike
0-1: Ball
1-1: Ball
2-1: Foul Ball, location: 9LMF
2-2: Foul Ball, location: 2F
2-2: SINGLE (Line Drive, 89S, EV 108.8 MPH)
Chris Patrick to second
Batting: RHB Kevin Hock 0-0: Grounds into double play, 6-4-3 (Groundball, 6M, EV 90.0 MPH)
Bottom of the 8th over - 0 runs, 2 hits, 0 errors, 1 left on base; Minnesota 4 - Texas 2
TOP OF THE 9TH
Minnesota Twins batting - Pitching for Texas Rangers : RHP Victor Luna
Now at 1B: Travis Huffman
Batting: RHB Joe Looby 0-0: Ball
1-0: Ball
2-0: Foul Ball, location: 2F
2-1: Called Strike
2-2: Ball
3-2: SINGLE (Flyball, 78S, EV 100.0 MPH)
Batting: RHB Greg Schuler 0-0: Ball
1-0: Called Strike
1-1: Foul Ball, location: 2F
1-2: Grounds into double play, 6-4-3 (Groundball, 6M, EV 98.8 MPH)
Batting: LHB Dan Barker 0-0: Swinging Strike
0-1: Ball
1-1: Called Strike
1-2: Ball
2-2: Strikes out swinging
Top of the 9th over - 0 runs, 1 hit, 0 errors, 0 left on base; Minnesota 4 - Texas 2
BOTTOM OF THE 9TH
Texas Rangers batting - Pitching for Minnesota Twins : LHP Jeff Downing
Now at 1B: Dan Mayes
Now in LF: David Bazley
Batting: RHB Todd Peters 0-0: Ball
1-0: SINGLE (Groundball, 4MD, EV 104.4 MPH)
Batting: LHB Nick Gunnels 0-0: Foul Ball, location: 2F
0-1: Ball
1-1: Foul Ball, location: 23F
1-2: Strikes out swinging
Batting: RHB Raul Camacho 0-0: Ground out 6-3 (Groundball, 6MS, EV 80.0 MPH)
Todd Peters to second
Pinch Hitting: RHB Josh Mehl 0-0: Ball
1-0: Swinging Strike
1-1: Ball
2-1: Fly out, F5 (Popup, 25F, EV 91.3 MPH)
Bottom of the 9th over - 0 runs, 1 hit, 0 errors, 1 left on base; Minnesota 4 - Texas 2
Monday, May 13th , 2024 - OOTP Baseball 24.11 Build 85